 Dungeon Sprint DCSS version 0.14-a0-2592-g262d02f (webtiles) character file.

10 BluebellGnoll the Magician (level 2, 0/15 HPs)
             Began as a Deep Elf Fire Elementalist on Feb 12, 2014.
             Was an Initiate of Sif Muna.
             Slain by a centaur (8 damage)
             ... in the Dungeon (Sprint VII: "The Pits").
             The game lasted 00:03:09 (311 turns).

BluebellGnoll the Magician (DEFE)                    Turns: 311, Time: 00:03:09

HP   0/15        AC  7     Str  5      XL: 2   Next: 10%
MP   9/12        EV 13     Int 19      God: Sif Muna [......]
Gold 0           SH  0     Dex 15      Spells:  2 memorised, 10 levels left

rFire  . . .     SeeInvis .     j - +2 trident (protect)
rCold  . . .     Clarity  .     a - +0 elf robe
rNeg   . . .     Conserve .     (no shield)
rPois  .         rCorr    .     (no helmet)
rElec  .         rRot     .     (no cloak)
SustAb . .       Spirit   .     (no gloves)
rMut   .         Warding  .     (no boots)
Saprov . . .     NoTele   +     (no amulet)
MR     .....                    (no ring)
                                (no ring)

@: not resistant to hostile enchantments, fairly stealthy
A: no striking features
a: Renounce Religion


You were in the Dungeon.
You worshipped Sif Muna.
Sif Muna was noncommittal.
You were not hungry.

You visited 1 branch

Inventory:

Hand weapons
 j - a +2,+2 trident of protection (weapon)
Missiles
 c - 3 darts (quivered)
Armour
 a - a +0 elven robe (worn)
Comestibles
 q - 4 meat rations
Scrolls
 i - a scroll of blinking
 k - 2 scrolls of vulnerability
 l - 2 scrolls of remove curse
 m - 2 scrolls of amnesia
 n - a scroll of summoning
Potions
 d - a potion of curing
 e - a potion of heal wounds
 f - a potion of speed
 g - 2 potions of magic
 h - 3 potions of berserk rage
 o - 2 potions of invisibility
Books
 b - a book of Flames

   Spells                             Type                      Level
   *Flame Tongue                      Conjuration/Fire             1
   *Throw Flame                       Conjuration/Fire             2
   Conjure Flame                      Conjuration/Fire             3
   Inner Flame                        Hexes/Fire                   3
   Sticky Flame                       Conjuration/Fire             4
   Fireball                           Conjuration/Fire             5


   Skills:
 - Level 2.4 Dodging
 - Level 2.4 Stealth
 + Level 6.4 Spellcasting
 - Level 1.1 Conjurations
 - Level 3.2 Fire Magic


You had 10 spell levels left.
You knew the following spells:

 Your Spells              Type           Power        Failure   Level  Hunger
a - Flame Tongue          Conj/Fire      ##...        6%          1    None
b - Throw Flame           Conj/Fire      ##....       10%         2    None


Dungeon Overview and Level Annotations

Branches:
Dungeon (1/1)

Altars:
Ashenzari
Cheibriados
Dithmenos
Elyvilon
Fedhas
Kikubaaqudgha
Makhleb
Nemelex Xobeh
Okawaru
Sif Muna
Trog
Vehumet
Xom
Yredelemnul
Zin
The Shining One
Beogh
Jiyva
Lugonu


Message History

The centaur unwields an uncursed bow.
The centaur closely misses you.
Casting: Throw Flame
Confirm with . or Enter, or press ? or * to list all spells.
Aiming: Flame Tongue
Press: ? - help, Shift-Dir - straight line, f - centaur
Aim: a centaur The flame misses the centaur.
The centaur closely misses you.
Casting: Flame Tongue
Confirm with . or Enter, or press ? or * to list all spells.
Okay, then.
Casting: Flame Tongue
Confirm with . or Enter, or press ? or * to list all spells.
Aiming: Flame Tongue
Press: ? - help, Shift-Dir - straight line, f/p - centaur
Aim: a centaur The flame hits the centaur.
The centaur is moderately wounded.
The centaur hits you!
Ouch! That really hurt!
You die...

#..)).#.#.(##......#..#
#######'#####..........
#.......))..'...(.......
#+#####'#####......#..#.
#.....# #...........
#.....# ####'#####++
###'### #.......#
#.....# #.......#
#....@# #.......#
####c## #...<...#
#..%.....##.......#
#........##.......#
###########.......#
#########


You could see a centaur.

Vanquished Creatures
  2 giant geckos (D)
  An orc (D)
  A hobgoblin (D)
  A bat (D)
  A giant newt (D)
  A kobold (D)
  A rat (D)
8 creatures vanquished.

Notes
Turn   | Place    | Note
--------------------------------------------------------------
     0 | D        | BluebellGnoll, the Deep Elf Fire Elementalist, began the quest for the Orb.
     0 | D        | Reached XP level 1. HP: 10/10 MP: 5/5
     9 | D        | Reached skill level 4 in Spellcasting
    36 | D        | Found a shadowy altar of Dithmenos.
    36 | D        | Found a basalt altar of Yredelemnul.
    36 | D        | Found a glowing golden altar of the Shining One.
    36 | D        | Found a deep blue altar of Sif Muna.
    36 | D        | Found a burning altar of Makhleb.
    36 | D        | Found an ancient bone altar of Kikubaaqudgha.
    36 | D        | Found a glowing silver altar of Zin.
    37 | D        | Found a bloodstained altar of Trog.
    37 | D        | Found a shattered altar of Ashenzari.
    37 | D        | Found a white marble altar of Elyvilon.
    37 | D        | Found a snail-covered altar of Cheibriados.
    37 | D        | Found a blossoming altar of Fedhas.
    37 | D        | Found a radiant altar of Vehumet.
    37 | D        | Found a shimmering altar of Xom.
    37 | D        | Found a sparkling altar of Nemelex Xobeh.
    37 | D        | Found a corrupted altar of Lugonu.
    37 | D        | Found a viscous altar of Jiyva.
    37 | D        | Found a roughly hewn altar of Beogh.
    37 | D        | Found an iron altar of Okawaru.
    40 | D        | Became a worshipper of Sif Muna the Loreminder
    68 | D        | Reached skill level 5 in Spellcasting
   280 | D        | Reached skill level 6 in Spellcasting
   280 | D        | Reached XP level 2. HP: 15/15 MP: 9/12
   286 | D        | Learned a level 2 spell: Throw Flame
   304 | D        | Noticed a centaur
   311 | D        | Slain by a centaur

Action                   || total
-------------------------++-------
Melee: Trident           ||     7
 Cast: Flame Tongue      ||    10
       Throw Flame       ||     1
